 Dungeon Crawl Stone Soup version 0.28-a0-1616-g050a50673c (webtiles) character file.

Game seed: 7842472897778040890

4 croobank the Firebug (level 1, -2/11 HPs)
             Began as an Octopode Fire Elementalist on Jan 22, 2022.
             Was a Follower of Makhleb.
             Slain by a quokka (3 damage)
             ... on level 1 of the Dungeon.
             The game lasted 00:00:47 (254 turns).

croobank the Firebug (Octopode Fire Elementalist)    Turns: 254, Time: 00:00:48

Health: -2/11      AC:  1    Str:  7    XL:     1   Next: 60%
Magic:  1/3        EV: 13    Int: 17    God:    Makhleb [*.....]
Gold:   42         SH:  0    Dex: 12    Spells: 3/4 levels left

rFire   . . .      SeeInvis .   c - +0 spear
rCold   . . .      Faith    .   (no shield)
rNeg    . . .      Spirit   .   (helmet restricted)
rPois   .          Reflect  .   (no amulet)
rElec   .          Harm     .   (no ring)
rCorr   .          Rampage  .   (no ring)
Will    .....                   (no ring)
Stlth   +++.......              (no ring)
HPRegen 0.03/turn               (no ring)
MPRegen 0.08/turn               (no ring)
                                (no ring)
                                (no ring)

@: no status effects
A: almost no armour, amphibious, 8 rings, camouflage 1, gelatinous body 1,
(nimble swimmer 1), tentacles
a: Renounce Religion


You were on level 1 of the Dungeon.
You worshipped Makhleb.
Makhleb was aware of your devotion.
You visited 1 branch of the dungeon, and saw 1 of its levels.

You collected 42 gold pieces.

Inventory:

Hand Weapons
 c - a +0 spear (weapon)
Missiles
 b - 30 bolts
Potions
 a - a potion of brilliance {unknown}


   Skills:
 + Level 2.0 Dodging
 + Level 2.8 Stealth
 + Level 2.0 Spellcasting
 + Level 1.1 Conjurations
 + Level 3.0 Fire Magic


You had 3 spell levels left.
You knew the following spells:

 Your Spells              Type           Power      Damage    Failure   Level
a - Foxfire               Conj/Fire      32%        2x1d5     9%          1

Your spell library contained the following spells:

 Spells                   Type           Power      Damage    Failure   Level
 Scorch                   Fire           24%        2d6       9%          2
 Conjure Flame            Conj/Fire      8%         6-21      24%         3
 Inner Flame              Hex/Fire       6%         N/A       30%         3
 Flame Wave               Conj/Fire      8%         2d5       63%         4


Dungeon Overview and Level Annotations

Branches:
Dungeon (1/15)

Altars:
Makhleb


Innate Abilities, Weirdness & Mutations

You cannot wear most types of armour.
You are amphibious.
You can wear up to eight rings at the same time.
Your skin changes colour to match your surroundings (Stealth+).
Your rubbery body absorbs attacks. (AC +1, EV +1)
((You are camouflaged when in or above water. (Stealth+)))
You have tentacles for arms and can constrict up to eight enemies at once.


Message History

You now have 42 gold pieces (gained 9).
There is a faded altar of an unknown god here.
You cannot tell which god this altar belongs to.
Convert to them anyway?
Makhleb accepts your prayer! Makhleb welcomes you!
You can now gain health from killing.
A quokka comes into view.
Casting: Foxfire (safe; 9% risk of failure)
Confirm with . or Enter, or press ? or * to list all spells.
You conjure some foxfire!
The foxfire hits the quokka.
The quokka is heavily wounded.
The foxfire hits the quokka.
The quokka is severely wounded.
Casting: Foxfire (safe; 9% risk of failure)
Confirm with . or Enter, or press ? or * to list all spells.
You conjure some foxfire!
The quokka bites you.
Your foxfire dissipates!
The foxfire hits the quokka.
The quokka is almost dead.
You closely miss the quokka. Your grab misses the quokka.
The quokka is heavily wounded.
The quokka closely misses you.
You closely miss the quokka. Your grab misses the quokka.
Your squeeze misses the quokka.
The quokka is almost dead.
The quokka bites you. x2
* * * LOW HITPOINT WARNING * * *
The quokka barely misses you.
Casting: Foxfire (safe; 9% risk of failure)
Confirm with . or Enter, or press ? or * to list all spells.
You conjure some foxfire!
The quokka completely misses you. The quokka misses you.
Your foxfire dissipates!
The foxfire hits the quokka.
You kill the quokka!
Makhleb accepts your kill.
A goblin comes into view. It is wielding a +0 dagger.
The quokka bites you.
You die...

..................
.............##.#
................#
.#..........#.###
.#............##
.#.............##
##..............##
#.........#...r.###
.........##..#@..#
........##...........
....................
#####...##.........
#... .######...
##.... .g #. .. . ...


You could see a quokka and a goblin (asleep).

Vanquished Creatures
  A giant cockroach (D:1)
  A quokka (D:1)
  A ball python (D:1)
  A kobold (D:1)
4 creatures vanquished.

Vanquished Creatures (others)
  8 foxfires (D:1)
8 creatures vanquished.

Grand Total: 12 creatures vanquished

Notes
Turn   | Place    | Note
-------+----------+-------------------------------------------
     0 | D:1      | croobank the Octopode Fire Elementalist began the quest for
                  | the Orb.
     0 | D:1      | Reached XP level 1. HP: 11/11 MP: 3/3
   172 | D:1      | Found a faded altar of an unknown god.
   228 | D:1      | Prayed at the altar of an unknown god.
   228 | D:1      | Became a worshipper of Makhleb the Destroyer
   228 | D:1      | Reached * piety under Makhleb
   254 | D:1      | Slain by a quokka

Illustrated notes

Levels and vault maps discovered:
D:1:      erik_arrival_cave_to_civilisation [erik_arrival_cave_to_temple],
          layout_rooms, basic_ecumenical_altar

Action                   || total
-------------------------++-------
Melee: Unarmed           ||     5
       Spear             ||     2
       Tentacles         ||     2
       Constrict         ||     1
 Cast: Foxfire           ||     5
Dodge: Dodged            ||    12

Table legend: (Time is in decaauts)
 A = Elapsed time spent in this place.
 B = Non-inter-level travel time spent in this place.
 C = Inter-level travel time spent in this place.
 D = Time resting spent in this place.
 E = Time spent auto-exploring this place.
 F = Levels seen in this place.
 G = Mean time per level.
                   A        B        C        D        E       F      G
               +--------+--------+--------+--------+--------+-----+--------+
         Total |    253 |    253 |      0 |      0 |    189 |   1 |  253.0 |
       Dungeon |    253 |    253 |      0 |      0 |    189 |   1 |  253.0 |
               +--------+--------+--------+--------+--------+-----+--------+

Top non-repeatable levels by time:
     D:1: 253 daAuts
